 Dungeon Crawl Stone Soup version 0.28-a0-850-g09de17f5b5 (webtiles) character file.

Game seed: 9175964139335462091

299 Crownlay the Cleaver (level 6, -3/51 HPs)
             Began as a Hill Orc Fighter on Nov 13, 2021.
             Was an Initiate of Gozag.
             Slain by a small abomination (9 damage)
             ... on level 1 of the Abyss.
             The game lasted 00:03:40 (3690 turns).

Crownlay the Cleaver (Hill Orc Fighter)             Turns: 3690, Time: 00:03:41

Health: -3/51      AC: 11    Str: 21    XL:     6   Next: 36%
Magic:  6/6        EV:  9    Int: 11    God:    Gozag
Gold:   459        SH:  4    Dex: 10    Spells: 5/5 levels left

rFire   . . .      SeeInvis .   o - +2 hand axe (vorpal)
rCold   . . .      Faith    .   c - +0 buckler
rNeg    . . .      Spirit   .   b - +0 scale mail
rPois   .          Reflect  .   i - +2 helmet {Int+3}
rElec   .          Harm     .   f - +0 cloak
rCorr   .          Rampage  .   (no gloves)
Will    .....                   (no boots)
Stlth   ..........              (no amulet)
HPRegen 0.17/turn               (no ring)
MPRegen 0.10/turn               (no ring)

@: no status effects
A: no striking features
a: Renounce Religion, Potion Petition, Call Merchant, Bribe Branch


You were on level 1 of the Abyss.
You worshipped Gozag.
Gozag was aware of your devotion.
You visited 1 branch of the dungeon, and saw 4 of its levels.
You visited the Abyss 1 time.

You collected 459 gold pieces.

Inventory:

Hand Weapons
 o - a +2 vorpal hand axe (weapon)
 p - a +2 vorpal morningstar
Armour
 b - a +0 scale mail (worn)
 c - a +0 buckler (worn)
 f - a +0 cloak (worn)
 i - a +2 helmet of intelligence (worn)
Scrolls
 e - 3 scrolls of amnesia
 h - 2 scrolls of identify
 k - a scroll of teleportation {unknown}
 m - a scroll of holy word {unknown}
 n - a scroll of silence {unknown}
Potions
 d - a potion of might
 g - a potion of heal wounds
 l - a potion of flight {unknown}


   Skills:
 - Level 3.6 Fighting
 * Level 8.2 Axes
 - Level 3.2 Armour
 - Level 4.0 Shields


You had 5 spell levels left.
You didn't know any spells.
Your spell library was empty.

Dungeon Overview and Level Annotations

Branches:
Dungeon (4/15)
 Temple: D:4-7

Altars:
Gozag
Uskayaw


Message History

The small abomination closely misses you.
You hit the small abomination but do no damage.
The small abomination hits you.
You hit the small abomination but do no damage.
You block the small abomination's attack.
You hit the small abomination.
The small abomination is lightly damaged.
The small abomination hits you but does no damage.
You closely miss the small abomination.
The small abomination is lightly damaged.
The small abomination hits you!!
You hit the small abomination.
The small abomination is moderately damaged.
The small abomination closely misses you.
You completely miss the small abomination.
The small abomination is moderately damaged.
The small abomination barely misses you.
You slash the small abomination!
The small abomination is severely damaged.
The small abomination hits you but does no damage.
You hit the small abomination but do no damage.
The small abomination is severely damaged.
The small abomination hits you!
* * * LOW HITPOINT WARNING * * *
You barely miss the small abomination.
The small abomination is severely damaged.
You block the small abomination's attack.
You hit the small abomination.
The small abomination is severely damaged.
The small abomination completely misses you.
You barely miss the small abomination.
The small abomination is severely damaged.
The small abomination hits you.
* * * LOW HITPOINT WARNING * * *
You hit the small abomination.
The small abomination is almost destroyed.
The small abomination hits you but does no damage.
The small abomination hits you!
You die...
Your body crumbles into a pile of gold.

....#..# #.
. #.#....#
####. #. #
....# . #
##...##...#
# ... #....
#...# #
####.....#
..
#.#.#..#.#
# .
##.##.## ..
# #.x@..#
.#..#
#...#..###
# ### ##
##.. .#
#?.. ###
...$.
...##.
.#.## ##
..#.


You could see a small abomination.

Vanquished Creatures
  An orc priest (D:4)
  Crazy Yiuf (D:2)
  Jessica (D:2)
  Terence (D:2)
  An iguana (D:3)
  3 orc wizards
  3 adders
  A worm (D:2)
  2 dart slugs
  5 orcs
  6 endoplasms
  3 giant cockroaches
  5 goblins
  7 hobgoblins
  5 kobolds
  A quokka (D:2)
  3 ball pythons
  3 bats
  2 frilled lizards
  5 rats
59 creatures vanquished.

Notes
Turn   | Place    | Note
-------+----------+-------------------------------------------
     0 | D:1      | Crownlay the Hill Orc Fighter began the quest for the Orb.
     0 | D:1      | Reached XP level 1. HP: 19/19 MP: 1/1
   167 | D:1      | Found a faded altar of an unknown god.
   182 | D:1      | Reached skill level 3 in Axes
   433 | D:1      | Prayed at the altar of an unknown god.
   433 | D:1      | Became a worshipper of Gozag Ym Sagoz the Greedy
   674 | D:1      | Reached XP level 2. HP: 21/26 MP: 2/2
  1163 | D:2      | Reached skill level 4 in Axes
  1163 | D:2      | Reached XP level 3. HP: 12/31 MP: 3/3
  1503 | D:2      | Noticed Jessica
  1508 | D:2      | Killed Jessica
  1509 | D:2      | Reached skill level 5 in Axes
  1509 | D:2      | Reached XP level 4. HP: 39/39 MP: 4/4
  1722 | D:2      | Found a runed translucent door.
  1723 | D:2      | Noticed Crazy Yiuf
  1914 | D:2      | Noticed Terence
  1928 | D:2      | Killed Terence
  2178 | D:2      | Killed Crazy Yiuf
  2179 | D:2      | Reached skill level 6 in Axes
  2179 | D:2      | Reached XP level 5. HP: 20/45 MP: 5/5
  2833 | D:3      | Found a hide-covered altar of Uskayaw.
  2841 | D:3      | Reached skill level 7 in Axes
  3421 | D:4      | Reached XP level 6. HP: 20/51 MP: 6/6
  3423 | D:4      | Reached skill level 8 in Axes
  3636 | D:4      | Cast into level 1 of the Abyss (hobgoblin)
  3636 | Abyss:1  | Found a corrupted altar of Lugonu.
  3675 | Abyss:1  | Noticed a small abomination
  3690 | Abyss:1  | Slain by a small abomination

Illustrated notes

Levels and vault maps discovered:
D:1:      mrwooster_arrival_statue_3, layout_basic,
          shapermc_ecumenical_altar_mp_highgroup, minmay_misc_feat_nine_boxes
D:2:      minmay_skewed_foursquare, layout_basic, uniq_crazy_yiuf_cottage,
          uniq_terence, uniq_jessica
D:3:      layout_basic, overflow_temple_1_default
D:4:      layout_loops_corners, grunt_qazlal_clouds, uniq_duvessa,
          uniq_eustachio, uniq_sigmund
Abyss:1:  base:
Temple

Skill      XL: |  1  2  3  4  5  6 |
---------------+-------------------+-----
Axes           | 3 4 5 6 7 8 |  8.2
Shields        | 4 |  4.0
Fighting       | |  3.6
Armour         | |  3.2

Action                   |  1- 3 |  4- 6 || total
-------------------------+-------+-------++-------
Melee: War axe           |    61 |   106 ||   167
       Hand axe          |       |    21 ||    21
  Use: Scroll            |       |     2 ||     2
       Potion            |       |     1 ||     1
 Stab: Distracted        |     1 |       ||     1
Armor: Scale mail        |    34 |    59 ||    93
Dodge: Dodged            |    31 |    51 ||    82
Block: Buckler           |    15 |    27 ||    42

Table legend: (Time is in decaauts)
 A = Elapsed time spent in this place.
 B = Non-inter-level travel time spent in this place.
 C = Inter-level travel time spent in this place.
 D = Time resting spent in this place.
 E = Time spent auto-exploring this place.
 F = Levels seen in this place.
 G = Mean time per level.
                   A        B        C        D        E       F      G
               +--------+--------+--------+--------+--------+-----+--------+
         Total |   3711 |   3460 |    251 |      0 |   2941 |   5 |  742.2 |
       Dungeon |   3658 |   3407 |    251 |      0 |   2941 |   4 |  914.5 |
         Abyss |     52 |     52 |      0 |      0 |      0 |   1 |   52.0 |
               +--------+--------+--------+--------+--------+-----+--------+

Top non-repeatable levels by time:
     D:2: 1558 daAuts
     D:1: 968 daAuts
     D:3: 891 daAuts
     D:4: 240 daAuts
 Abyss:1: 52 daAuts
